AoeStats
← Puttsson

Arena

510369906Analyzed
1v1 RM · 21h ago on Sep 30, 2026· 56m 18s· 2 players
Game mode
Random Map
Map size
Tiny (2 player)
Population
200
Speed
Normal
Resources
Standard
Victory
Conquest
Starting age
Dark Age
Ending age
Imperial Age
RankedLock teamsTeams togetherTeam positionsShared explorationLock speedFull tech treeHidden civsTurbo modeCheats
Victory
Defeat
🇫🇷 Britons · France
2043
+13
🇸🇪 Persians · Sweden
1984
-13
Puttsson
10:43 Feudal Age
11:41 Double-Bit Axe
14:25 Castle Age
12:13 Horse Collar
12:43 Gold Mining
16:05 Bow Saw
19:55 Wheelbarrow
21:04 Heavy Plow
24:40 Loom
27:31 Imperial Age
25:07 Loom
25:39 Hand Cart
25:31 Scale Barding Armor
25:37 Forging
26:15 Gold Shaft Mining
25:31 Stone Mining
26:37 Chain Barding Armor
27:54 Iron Casting
27:36 Bloodlines
27:27 Husbandry
27:14 Cavalier
28:57 Chemistry
30:31 Two-Man Saw
30:31 Plate Barding Armor
30:19 Devotion
31:09 Masonry
30:29 Savar
31:34 Fletching
32:05 Town Watch
32:54 Thumb Ring
32:50 Padded Archer Armor
33:30 Conscription
34:19 Hoardings
34:16 Architecture
36:05 Blast Furnace
36:35 Bodkin Arrow
39:00 Light Cavalry
39:14 Elite Skirmisher
40:12 Leather Archer Armor
41:38 Crop Rotation
42:00 Ring Archer Armor
41:19 Hussar
47:05 Capped Ram
51:17 Ballistics
Riut
10:20 Feudal Age
13:59 Castle Age
12:15 Double-Bit Axe
12:22 Horse Collar
14:49 Scale Mail Armor
15:12 Bow Saw
17:17 Loom
19:32 Town Watch
22:23 Sanctity
24:49 Wheelbarrow
27:38 Imperial Age
25:30 Scale Mail Armor
25:13 Pikeman
26:13 Forging
26:07 Squires
26:26 Heavy Plow
27:00 Chain Mail Armor
27:08 Ballistics
28:33 Iron Casting
28:08 Halberdier
30:14 Plate Mail Armor
29:35 Fletching
31:28 Chemistry
31:33 Bodkin Arrow
32:16 Yeomen
32:21 Guilds
32:15 Bracer
33:05 Fortified Wall
33:05 Padded Archer Armor
34:05 Blast Furnace
33:12 Elite Longbowman
34:35 Conscription
37:44 Masonry
38:56 Two-Man Saw
40:26 Hoardings
40:36 Warwolf
41:15 Hand Cart
43:10 Siege Engineers
43:58 Leather Archer Armor
48:22 Ring Archer Armor
49:28 Scale Barding Armor
51:12 Murder Holes
52:30 Architecture
Connection lost

Rejoining the realm…

Still unreachable

The connection could not be restored.

Session expired

The server has moved on; the page needs a fresh start.